 Dungeon Crawl Stone Soup version 0.30.1-9-gdf580d7c3d (webtiles) character file.

Game seed: 3515057334152792828

340 lonewolfV2 the Shield-Bearer (level 6, -5/45 (48) HPs)
             Began as a Formicid Fighter on Sept 30, 2023.
             Slain by a wight
             ... wielding a +4 scimitar
              (7 damage)
             ... on level 6 of the Dungeon.
             The game lasted 00:03:31 (2477 turns).

lonewolfV2 the Shield-Bearer (Formicid Fighter)     Turns: 2477, Time: 00:03:33

HP:   -5/45 (48)    AC:  7    Str: 23    XL:     6   Next: 86%
MP:   6/6           EV: 10    Int:  7    God:
Gold: 150           SH:  5    Dex: 13    Spells: 5/5 levels left

rFire   . . .        a - +0 war axe
rCold   . . .        c - +0 buckler
rNeg    . . .        b - +0 scale mail
rPois   .            (helmet unavailable)
rElec   .            (no cloak)
rCorr   .            (no gloves)
SInv    +            (no boots)
Will    .....        (no amulet) Stlth
                     (no ring)
HPRegen 0.27/turn    (no ring)
MPRegen 0.10/turn

%: no passive effects
@: mighty, drained
A: permanent stasis, dig shafts and tunnels, antennae 3, four strong arms
a: Dig, Shaft Self


You were on level 6 of the Dungeon.
You visited 1 branch of the dungeon, and saw 5 of its levels.

You collected 150 gold pieces.

Inventory:

Hand Weapons
 a - a +0 war axe (weapon)
Armour
 b - a +0 scale mail (worn)
 c - a +0 buckler (worn)
Wands
 h - a wand of mindburst (16)
Scrolls
 e - 2 scrolls of identify
 g - a scroll of fog
Potions
 f - a potion of curing
 k - a potion of berserk rage
 o - a potion of flight


   Skills:
 + Level 4.2 Fighting
 + Level 4.5 Axes
 + Level 4.7 Armour
 + Level 1.2 Dodging
 + Level 5.0 Shields


You had 5 spell levels left.
You didn't know any spells.
Your spell library contained the following spells:

 Spells                   Type           Power      Damage    Failure   Level
 Frozen Ramparts          Ice            0%         1d1       99%         3
 Ice Form                 Ice/Tmut       0%         N/A       100%        4
 Summon Ice Beast         Ice/Summ       0%         N/A       100%        4


Dungeon Overview and Level Annotations

Branches:
Dungeon (4/15)
 Temple: D:4-7

Altars:
Fedhas

Shops:
D:2 =

Annotations:
D:4 Menkaure


Innate Abilities, Weirdness & Mutations

You cannot be hasted, slowed, berserked, paralysed or teleported.
You can dig through walls and to a lower floor.
You have a pair of large antennae on your head. (SInv)
Your four strong arms can wield two-handed weapons with a shield.


Message History

You miss the adder. You barely miss the phantom.
The adder bites you but does no damage. The phantom hits you.
The phantom barely misses you. You block the adder's attack.
The phantom closely misses you. The phantom hits you.
You barely miss the phantom.
The phantom is severely damaged.
You hit the adder. You closely miss the phantom. The adder misses you.
The phantom hits you. x2
Unknown command.
You slash the phantom!
You destroy the phantom!
You miss the phantom. You slash the adder!
You kill the adder!
The phantom hits you.
Your Axes skill increases to level 4!
You have reached level 6!
The phantom barely misses you.
You barely miss the phantom.
The phantom is moderately damaged.
The phantom closely misses you.
The phantom hits you but does no damage.
You slice the phantom!!
You destroy the phantom!
Your Shields skill increases to level 5!
A wight is nearby!
You feel better.
You feel better.
As you read the scroll of fog, it crumbles to dust.
The scroll dissolves into smoke.
The wight closely misses you.
You barely miss the wight. The wight hits you with a +4 scimitar!
You closely miss the wight. The wight hits you with a +4 scimitar!
You closely miss the wight. The wight hits you with a +4 scimitar.
You feel drained. The wight closely misses you.
You closely miss the wight.
A wight comes into view.
It is wielding a +3 hand axe and wearing a +1 robe of fire resistance.
The wight hits you with a +4 scimitar!
* * * LOW HITPOINT WARNING * * *
You feel drained.
You die...

##z##... #.#
#.{ ... ##.#
#.##.. ##..#
##.#.. ##..##
#§§#§###..##
#§§#§§...##
#{{§§§####
##§######
#..zz@§§# {
#######§§....
######


You could see 2 wights.

Vanquished Creatures
  2 phantoms (D:6)
  A jelly (D:6)
  Ijyb (D:3)
  An iguana (D:4)
  7 adders
  A worm (D:2)
  A dart slug (D:2)
  4 ball pythons
  3 endoplasms
  4 giant cockroaches
  6 hobgoblins
  3 kobolds
  2 quokkas (D:1)
  2 bats
  6 frilled lizards
  A goblin (D:2)
  6 rats
51 creatures vanquished.

Notes
Turn   | Place    | Note
-------+----------+-------------------------------------------
     0 | D:1      | lonewolfV2 the Formicid Fighter began the quest for the
                  | Orb.
     0 | D:1      | Reached XP level 1. HP: 18/18 MP: 1/1
    93 | D:1      | Reached XP level 2. HP: 24/24 MP: 2/2
   271 | D:1      | Found a faded altar of an unknown god.
   642 | D:2      | Reached XP level 3. HP: 28/29 MP: 3/3
  1022 | D:2      | Reached XP level 4. HP: 35/37 MP: 4/4
  1236 | D:2      | Found Nuitrej's Jewellery Shoppe.
  1314 | D:3      | Noticed Ijyb
  1387 | D:3      | Killed Ijyb
  1862 | D:3      | Reached XP level 5. HP: 38/42 MP: 5/5
  1950 | D:3      | Found a blossoming altar of Fedhas.
  2270 | D:4      | Noticed Menkaure
  2276 | D:4      | You fall into a shaft and drop 2 floors!
  2449 | D:6      | Noticed a phantom
  2450 | D:6      | Noticed a phantom
  2456 | D:6      | Reached skill level 1 in Dodging
  2458 | D:6      | Killed a phantom
  2459 | D:6      | Reached XP level 6. HP: 20/48 MP: 6/6
  2462 | D:6      | Reached skill level 5 in Shields
  2477 | D:6      | HP: 2/47 [wight/+4 scimitar (17)]
  2477 | D:6      | Slain by a wight

Illustrated notes

Levels and vault maps discovered:
D:1:      heliophobic_arrival_glass_houses, layout_rooms, basic_ecumenical_altar
D:2:      kennysheep_big_flooded_room, layout_basic, serial_shops, shop
D:3:      layout_rooms, lemuel_crystal_altar, uniq_ijyb
D:4:      layout_cave_pools, mainiacjoe_overflow_alcove_4, portal_sewer_entry_f,
          amcnicky_mini_corridor_feature, uniq_menkaure
D:6:      minmay_evil_eye, layout_loops_cross, mainiacjoe_overflow_cross_hatched

Skill      XL: |  1  2  3  4  5  6 |
---------------+-------------------+-----
Axes           | 3 4 |  4.5
Armour         | 4 |  4.7
Fighting       | 4 |  4.2
Dodging        | 1 |  1.2
Shields        | 5 |  5.0

Action                     |  1- 3 |  4- 6 || total
---------------------------+-------+-------++-------
  Melee: War axe           |    64 |    91 ||   155
Ability: Dig               |     1 |       ||     1
         Shaft Self        |       |     1 ||     1
    Use: Scroll            |     3 |     9 ||    12
         Potion            |       |     3 ||     3
 Armour: Scale mail        |    40 |    49 ||    89
  Dodge: Dodged            |    29 |    55 ||    84
  Block: Buckler           |    25 |    30 ||    55
